Map: Nightshade LE

Players

INnoVation

  • Race: Terran Terran
  • Spawn Location: 11:00

Serral - Winner!

  • Race: Zerg Zerg
  • Spawn Location: 5:00

Event: StayAtHomestory Cup #1

VOD

Have the link to the VOD?

Description

Time

  • Played on: April 11, 2020, 5:21 p.m.
  • Length: 16:10

All games in this series

Show
View Real Time Build Order
Export as new Build Order

INnoVation Terran 

Build Orders: Reaper Expand, Hellion Banshee 

Get SALT Encoding   

  12  0:00  SCV  
  13  0:13  SCV  
  14  0:17  Supply Depot  
  14  0:25  SCV  
  15  0:38  SCV  
  15  0:41  Barracks  
  16  0:43  Refinery  
  16  0:50  SCV  
  17  1:03  SCV  
  18  1:15  SCV  
  19  1:28  Reaper, Orbital Command  
  20  1:38  Command Center  
  20  1:50  Supply Depot  
  20  1:53  SCV  
  21  2:00  Marine  
  22  2:06  SCV  
  23  2:09  Factory  
  23  2:18  SCV, Marine  
  25  2:30  SCV  
  26  2:37  Barracks Reactor  
  26  2:42  SCV  
  26  2:44  Command Center  
  27  2:51  Orbital Command  
  27  2:54  SCV  
  28  3:01  Starport  
  28  3:07  SCV  
  28  3:08  Refinery  
  29  3:17  Hellion x2  
  33  3:20  SCV x2  
  35  3:32  SCV x2  
  37  3:38  Starport Tech Lab  
  37  3:39  Hellion x2  
  41  3:45  SCV x2  
  43  3:55  Barracks Tech Lab  
  43  3:56  Banshee, Orbital Command  
  43  3:57  SCV x2  
  43  4:00  Hellion  
  43  4:01  Hellion  
  51  4:04  Cloaking Field  
  51  4:10  Supply Depot  
  51  4:11  SCV x2  
  53  4:22  SCV  
  53  4:23  SCV x2, Supply Depot  
  56  4:25  Hellion  
  56  4:26  Hellion  
  56  4:30  Stimpack  
  60  4:35  SCV x2  
  60  4:36  SCV  
  63  4:39  Banshee  
  66  4:46  Supply Depot  
  66  4:50  Barracks x2  
  66  4:52  SCV x3  
  69  4:56  Factory Reactor  
  69  4:59  Supply Depot  
  70  5:03  Engineering Bay  
  70  5:04  Engineering Bay  
  70  5:05  Refinery  
  69  5:09  Refinery  
  69  5:10  SCV x2  
  69  5:11  SCV  
  69  5:12  Marine  
  73  5:22  SCV  
  73  5:23  SCV  
  73  5:34  Marine  
  68  5:37  SCV x2  
  68  5:40  Marine  
  65  5:43  Starport Reactor, Barracks  
  65  5:44  Marine  
  65  5:46  Terran Infantry Weapons Level 1, Terran Infantry Armor Level 1  
  65  5:48  Marine x2  
  65  5:49  SCV, Barracks  
  69  5:51  Supply Depot  
  69  5:52  Marine  
  69  5:53  Siege Tank  
  69  5:55  Orbital Command  
  73  5:58  Marine  
  73  6:02  Marine, SCV x2  
  75  6:06  Marine x2  
  75  6:09  Combat Shield  
  75  6:10  Marine  
  78  6:14  SCV x2  
  78  6:15  Marine  
  81  6:20  Marine  
  81  6:24  Supply Depot  
  81  6:25  SCV, Marine x2, Medivac x2  
  87  6:26  SCV, Supply Depot  
  87  6:27  SCV  
  87  6:28  Marine  
  87  6:30  Siege Tank  
  95  6:33  Marine  
  95  6:36  Refinery  
  95  6:37  Barracks Reactor  
  95  6:38  SCV, Marine, Barracks Reactor  
  95  6:39  SCV x2  
  100  6:47  Marine x2, Supply Depot  
  100  6:48  Marine  
  100  6:49  Supply Depot  
  100  6:51  Marine  
  104  6:55  Marine  
  104  6:56  SCV x3  
  108  7:02  Siege Tank  
  108  7:03  Refinery  
  108  7:06  Marine x3  
  108  7:07  Medivac  
  117  7:08  SCV x3, Medivac  
  117  7:09  Marine  
  117  7:11  Supply Depot  
  117  7:13  Marine  
  123  7:20  SCV, Supply Depot  
  123  7:21  SCV x2, Marine x4  
  130  7:24  Marine x3  
  133  7:32  Marine x2, Supply Depot  
  133  7:34  SCV x3, Armory  
  140  7:37  Siege Tank  
  140  7:39  Marine  
  140  7:42  Marine x4, Medivac x2  
  149  7:51  Supply Depot  
  149  7:53  Marine x2, Command Center  
  149  7:54  Marine x2  
  149  7:55  Supply Depot  
  153  8:03  Marine x4  
  157  8:07  Marine  
  157  8:10  Siege Tank  
  157  8:11  Marine x2  
  157  8:12  Marine x2  
  159  8:16  Supply Depot  
  159  8:17  Supply Depot  
  159  8:21  Marine  
  159  8:23  Terran Infantry Weapons Level 2, Terran Infantry Armor Level 2  
  160  8:28  Factory  
  141  8:35  Marine x8  
  141  8:41  Marine  
  135  8:42  Siege Tank  
  135  8:45  Medivac  
  141  8:52  Drilling Claws  
  141  8:53  Marine x7  
  147  8:56  Marine  
  147  8:59  Marine  
  147  9:01  Sensor Tower  
  149  9:05  Medivac  
  148  9:10  Marine  
  148  9:11  Marine x6  
  148  9:15  Medivac  
  142  9:19  Siege Tank  
  142  9:20  Marine x2, Factory Reactor  
  143  9:28  Marine x3  
  143  9:29  Marine x4  
  150  9:36  Terran Vehicle And Ship Armor Level 1  
  150  9:38  Marine  
  149  9:39  Marauder  
  149  9:40  SCV x3  
  149  9:44  Planetary Fortress  
  149  9:46  Marine x5  
  149  9:52  Medivac x2  
  158  9:54  Marine x2  
  158  9:56  Marine  
  160  10:00  Marauder  
  160  10:01  Widow Mine x3  
  160  10:04  Marine x2  
  167  10:08  Sensor Tower  
  167  10:13  Barracks  
  167  10:14  Barracks  
  167  10:16  Barracks  
  162  10:21  Concussive Shells  
  162  10:25  Widow Mine x2  
  162  10:26  Widow Mine  
  168  10:28  Marine  
  168  10:29  Marine x3, Marauder  
  170  10:37  Medivac x2  
  170  10:41  Marine x4  
  174  10:46  Marine  
  174  10:47  Widow Mine x3  
  162  10:50  Marine, Marauder  
  162  10:51  Marine x2  
  162  10:56  Command Center  
  167  10:59  Marine x4  
  162  11:04  Marine  
  162  11:07  Marine, Barracks Tech Lab x2  
  162  11:08  Marine x2  
  162  11:09  Marine  
  167  11:11  Marauder  
  167  11:17  Marine x4, Medivac x2, Widow Mine x2  
  167  11:18  Widow Mine  
  176  11:22  Marine  
  176  11:25  Marine  
  171  11:26  Marine x3, Marauder x2  
  173  11:33  Marauder  
  173  11:34  Marine, Command Center  
  173  11:35  Marine x3  
  169  11:40  Marine  
  169  11:43  Marine, Widow Mine  
  169  11:44  Widow Mine x2  
  169  11:46  Marine x2  
  169  11:47  Marine, Medivac x2  
  179  11:48  Marauder x2  
  179  11:52  Marine, Terran Infantry Weapons Level 3  
  179  11:53  Marine x2  
  191  11:54  Marauder  
  191  11:56  Terran Infantry Armor Level 3  
  193  12:02  Terran Vehicle And Ship Armor Level 2  
  193  12:07  Widow Mine x3  
  199  12:15  Marine  
  180  12:25  Barracks Tech Lab  
  180  12:27  Barracks  
  180  12:28  Barracks  
  180  12:29  Barracks, Widow Mine  
  172  12:30  Marine x5, Marauder x2  
  172  12:31  Marine x2, Marauder  
  172  12:32  Marine  
  184  12:38  Medivac x2  
  184  12:48  Marine x4  
  188  12:52  Marauder x3  
  188  12:57  Widow Mine x2  
  188  12:58  Widow Mine  
  198  13:01  Marauder  
  198  13:07  Ghost Academy  
  198  13:08  Medivac  
  194  13:17  Marauder  
  194  13:19  Widow Mine x2  
  198  13:25  Command Center  
  180  13:36  Medivac  
  180  13:38  Medivac  
  188  13:41  Marauder x2  
  188  13:46  Widow Mine x3  
  182  13:48  Marine  
  182  13:49  Marine x9  
  173  13:57  Marine, Marauder x2  
  159  14:05  Planetary Fortress  
  159  14:06  SCV x2  
  159  14:08  SCV  
  160  14:12  Widow Mine x2  
  155  14:18  SCV  
  155  14:19  Planetary Fortress  
  155  14:20  SCV x2  
  141  14:29  Neosteel Armor  
  141  14:30  SCV  
  132  14:32  SCV  
  132  14:33  Hi-Sec Auto Tracking  
  132  14:37  Marauder x2  
  132  14:38  SCV, Marine x2  
  137  14:39  Marine x6, Orbital Command  
  137  14:40  Marine  
  137  14:42  Medivac  
  137  14:44  Medivac  
  149  14:48  Widow Mine x2  
  149  14:50  Widow Mine, Marauder  
  149  14:51  Marine  
  149  14:52  Marine  
  154  14:55  Marauder  
  154  14:56  Marine x2  
  154  14:59  Marine x5  
  143  15:06  Marine  
  143  15:07  Marauder x2  
  134  15:08  SCV  
  134  15:09  Widow Mine  
  134  15:13  Marauder  
  139  15:16  Marauder  
  139  15:17  Marine  
  139  15:21  Marine x5  
  143  15:24  Widow Mine x2  
  143  15:27  SCV x2  
  143  15:28  SCV, Marauder  
  156  15:30  Widow Mine  
  156  15:33  SCV  
  164  15:35  Marauder  
  164  15:36  Marauder  
  164  15:39  Marine, SCV x2  
  146  15:51  Marine  
  146  15:52  Marine  
Show
View Real Time Build Order
Export as new Build Order

Serral Zerg - Winner!

Build Orders: Hatch First 

Get SALT Encoding   

  12  0:00  Drone  
  13  0:13  Overlord  
  13  0:17  Drone  
  14  0:31  Drone x2  
  16  0:48  Hatchery  
  15  0:51  Drone  
  15  0:55  Drone  
  17  0:57  Drone  
  18  1:08  Extractor  
  17  1:13  Spawning Pool  
  17  1:16  Drone  
  17  1:20  Drone  
  18  1:29  Drone  
  19  1:39  Drone  
  20  1:51  Overlord  
  20  1:59  Queen  
  20  2:00  Queen  
  20  2:01  Zergling x4  
  26  2:11  Drone x2  
  28  2:18  Metabolic Boost  
  28  2:22  Drone x2  
  30  2:36  Hatchery  
  29  2:43  Drone x2  
  31  2:48  Queen  
  33  2:53  Overlord  
  33  2:55  Drone  
  33  2:58  Drone  
  35  3:01  Drone  
  36  3:11  Drone x4  
  40  3:13  Overlord  
  40  3:16  Drone  
  42  3:20  Drone  
  42  3:24  Queen  
  44  3:29  Overlord  
  44  3:31  Overlord  
  44  3:40  Drone x2  
  44  3:41  Zergling x4  
  48  3:43  Drone  
  48  3:48  Queen  
  49  3:49  Drone x2  
  49  3:55  Zergling x2  
  54  3:56  Drone x2  
  54  4:00  Drone x3  
  59  4:03  Queen  
  59  4:06  Overlord  
  61  4:10  Zergling x2  
  61  4:13  Zergling x2  
  61  4:14  Drone x3  
  66  4:21  Overlord  
  66  4:26  Drone x2, Queen  
  66  4:28  Lair  
  66  4:30  Spore Crawler  
  69  4:33  Spore Crawler  
  69  4:37  Spore Crawler, Extractor, Drone x2  
  69  4:38  Drone  
  69  4:43  Zergling x4  
  69  4:44  Drone x2  
  69  4:45  Drone  
  74  4:49  Extractor  
  74  4:50  Overlord  
  74  4:52  Drone x2  
  75  4:54  Zergling x2  
  75  4:56  Drone  
  75  4:57  Baneling Nest  
  75  4:58  Drone  
  75  4:59  Drone  
  79  5:00  Drone  
  79  5:06  Zergling x2, Drone x2  
  82  5:09  Drone  
  82  5:10  Spore Crawler  
  82  5:15  Drone x6  
  82  5:18  Extractor  
  82  5:20  Evolution Chamber  
  86  5:21  Evolution Chamber  
  86  5:28  Overseer  
  81  5:34  Zergling x8  
  79  5:37  Drone x3  
  79  5:39  Centrifical Hooks  
  81  5:43  Overseer, Drone  
  81  5:44  Drone x3  
  81  5:47  Drone x2  
  81  5:48  Zerg Melee Weapons Level 1  
  87  5:57  Drone x2  
  87  6:00  Zerg Ground Armor Level 1  
  87  6:02  Hatchery  
  87  6:03  Overlord  
  88  6:08  Drone  
  88  6:10  Hatchery  
  88  6:12  Overlord x2  
  88  6:15  Overlord x2  
  88  6:19  Overlord  
  88  6:23  Extractor, Drone x3  
  88  6:24  Drone  
  91  6:30  Drone x3  
  91  6:31  Drone  
  93  6:33  Drone x3  
  93  6:37  Drone x4  
  100  6:43  Zergling x4  
  102  6:50  Zergling x10  
  102  6:53  Overlord  
  107  6:54  Zergling x4  
  107  6:59  Zergling x4  
  110  7:02  Baneling x6  
  110  7:03  Baneling x2  
  110  7:04  Spore Crawler  
  110  7:05  Overlord  
  110  7:06  Zergling x6  
  112  7:12  Zergling x4  
  114  7:21  Hatchery  
  113  7:28  Drone, Queen  
  116  7:30  Zergling x14, Infestation Pit  
  116  7:34  Overlord  
  116  7:35  Overlord  
  122  7:38  Drone  
  122  7:39  Spore Crawler  
  122  7:42  Zergling x2  
  122  7:43  Zergling x18  
  131  7:45  Zerg Melee Weapons Level 2  
  131  7:48  Baneling x8  
  131  7:49  Overseer  
  131  7:56  Zergling x12  
  137  8:00  Zerg Ground Armor Level 2  
  137  8:01  Drone  
  138  8:09  Hatchery  
  137  8:13  Baneling  
  137  8:14  Baneling x3  
  137  8:15  Zergling x2, Hive  
  137  8:16  Zergling x18  
  137  8:18  Baneling  
  137  8:19  Baneling x3  
  147  8:22  Zergling x2  
  147  8:23  Zergling x10  
  147  8:24  Baneling x4  
  121  8:41  Zergling x34  
  121  8:44  Baneling x8  
  121  8:46  Queen  
  132  8:50  Zergling x10  
  136  9:01  Queen  
  138  9:04  Zergling x18  
  138  9:06  Baneling x10  
  141  9:15  Zergling x18  
  131  9:25  Baneling  
  131  9:26  Baneling x7  
  131  9:27  Zergling x18  
  131  9:31  Viper x3  
  149  9:43  Zergling x24  
  161  9:48  Queen  
  161  9:50  Drone x8  
  171  9:55  Baneling x2  
  171  9:57  Overlord  
  171  9:58  Adrenal Glands  
  171  10:02  Zergling x14  
  171  10:04  Spore Crawler  
  177  10:07  Overlord x2  
  177  10:08  Overseer x2  
  177  10:10  Baneling  
  177  10:11  Spore Crawler, Baneling  
  176  10:15  Zergling x2  
  176  10:16  Zergling x10  
  176  10:18  Baneling x2  
  176  10:19  Baneling  
  177  10:27  Drone  
  177  10:28  Drone x5  
  183  10:30  Ultralisk Cavern  
  181  10:36  Zergling x2  
  181  10:37  Zergling x24  
  191  10:47  Zerg Melee Weapons Level 3  
  187  10:50  Baneling x12  
  187  10:56  Overseer  
  187  11:02  Zergling x24  
  194  11:07  Baneling x2  
  193  11:13  Extractor  
  193  11:14  Extractor  
  193  11:16  Drone x3  
  193  11:17  Drone x3  
  193  11:18  Overlord x3  
  191  11:23  Zergling x38  
  191  11:25  Overlord  
  191  11:29  Overlord  
  191  11:32  Zergling x4  
  185  11:40  Baneling x10  
  185  11:50  Pneumatized Carapace  
  185  11:53  Zergling x2, Zerg Ground Armor Level 3  
  185  11:54  Zergling x40  
  199  12:04  Baneling  
  199  12:05  Zergling x2  
  199  12:07  Chitinous Plating  
  199  12:10  Spire  
  197  12:16  Baneling x2  
  197  12:22  Baneling x7  
  179  12:29  Zergling x46  
  199  12:32  Baneling  
  199  12:33  Baneling x6  
  189  12:44  Zergling x20  
  189  12:48  Baneling x8  
  199  12:59  Overlord  
  199  13:10  Overlord  
  188  13:24  Baneling x3  
  188  13:25  Zergling x16, Baneling x4  
  188  13:26  Zergling x28  
  179  13:35  Zergling x10  
  179  13:39  Baneling x8  
  181  13:41  Zergling x18  
  181  13:42  Zergling x4  
  181  13:46  Anabolic Synthesis  
  183  13:49  Zergling x6, Ultralisk x3  
  189  13:59  Zergling x8, Ultralisk x2  
  200  14:04  Zerg Flyer Weapons Level 1  
  200  14:09  Baneling x5  
  200  14:12  Baneling  
  200  14:13  Baneling x2  
  195  14:18  Zergling x24  
  195  14:21  Overseer  
  195  14:23  Zergling x2  
  195  14:24  Zergling x16  
  197  14:34  Zergling x4  
  197  14:35  Overlord  
  199  14:42  Baneling x20  
  199  14:47  Baneling x4  
  199  14:52  Zergling x8  
  198  14:53  Baneling x5  
  188  15:00  Hatchery  
  188  15:01  Zergling x22, Drone  
  188  15:06  Baneling x2  
  188  15:07  Baneling x3  
  198  15:12  Extractor x2  
  198  15:13  Spine Crawler x2  
  195  15:14  Spine Crawler, Drone x3  
  195  15:15  Drone x3  
  195  15:18  Extractor  
  195  15:20  Drone x2  
  200  15:22  Hatchery  
  200  15:24  Baneling x2  
  200  15:27  Baneling x4  
  199  15:31  Baneling x3  
  193  15:39  Zergling x26  
  193  15:42  Zergling x16  
  186  15:52  Zergling x2  
  186  15:53  Zergling x24  
Tags
 
Add a new tag
Caveats
  • Supply blocks, unpowered buildings, or Contaminate may cause inaccurate times.
  • Supply counts are checked every 10 seconds.